 Dungeon Crawl Stone Soup version 0.31.0-11-ge490571c62 (webtiles) character file.

Game seed: 3701589252477992145

1911 Derpghoster the Trooper (level 9, -11/81 (96) HPs)
             Began as an Oni Gladiator on Jan 30, 2024.
             Was a Follower of Cheibriados.
             Mangled by a wyvern (16 damage)
             ... on level 7 of the Dungeon.
             The game lasted 00:20:36 (6612 turns).

Derpghoster the Trooper (Oni Gladiator)             Turns: 6612, Time: 00:20:37

HP:   -11/81 (96)   AC:  7    Str: 22    XL:     9   Next: 16%
MP:   15/15         EV: 13    Int: 11    God:    Cheibriados [*.....]
Gold: 495           SH:  0    Dex: 22    Spells: 16/16 levels left

rFire   . . .        a - +0 quarterstaff
rCold   . . .        (shield currently unavailable)
rNeg    + . .        k - +2 animal skin
rPois   .            c - +0 hat
rElec   .            y - +1 cloak
rCorr   .            (gloves unavailable)
SInv    .            (boots unavailable)
Will    .....        (no amulet)
Stlth   ++           u - ring of positive energy
HPRegen 0.33/turn    x - +6 ring of dexterity
MPRegen 0.14/turn

%: no passive effects
@: about to teleport, heavily drained, very slow
A: large, unfitting armour, horns 1, tough skin 1, double potion healing,
drunken brawling
a: Renounce Religion, Bend Time


You were on level 7 of the Dungeon.
You worshipped Cheibriados.
Cheibriados was aware of your devotion.
You visited 2 branches of the dungeon, and saw 8 of its levels.

You collected 495 gold pieces.

Inventory:

Hand Weapons
 a - a +0 quarterstaff (weapon)
Missiles
 d - 3 throwing nets (quivered)
 e - a large rock
Armour
 b - a +1 robe
 c - a +0 hat (worn)
 k - a +2 animal skin (worn)
 y - a +1 cloak (worn)
Jewellery
 i - a ring of fire
 u - a ring of positive energy (left hand)
 x - a +6 ring of dexterity (right hand)
Wands
 h - a wand of flame (15)
 p - a wand of digging (4)
 s - a wand of paralysis (7)
 B - a wand of quicksilver (6)
Scrolls
 j - 2 scrolls of teleportation
 q - a scroll of torment
 v - a scroll of revelation
 w - 2 scrolls of vulnerability
 z - a scroll of fog
 A - a scroll of fear
Potions
 g - a potion of might
 l - 3 potions of enlightenment
 m - a potion of brilliance
 n - a potion of haste {unknown}
 o - a potion of mutation {unknown}
 r - a potion of heal wounds {unknown}
 t - a potion of resistance {unknown}


   Skills:
 * Level 7.9 Fighting
 + Level 7.6 Staves
 + Level 2.1 Throwing
 * Level 5.7 Dodging
 + Level 1.6 Stealth
 * Level 4.3 Spellcasting


You had 16 spell levels left.
You didn't know any spells.
Your spell library contained the following spells:

 Spells                   Type           Power      Damage    Failure   Level
 Freeze                   Ice            8%         1d3       24%         1
 Shock                    Conj/Air       8%         1d3       24%         1
 Frozen Ramparts          Ice            4%         1d1       56%         3
 Hailstorm                Conj/Ice       2%         3d5       56%         3
 Inner Flame              Hex/Fire       2%         N/A       56%         3
 Swiftness                Air            2%         N/A       56%         3
 Airstrike                Air            1%         2d(1-17)  93%         4
 Irradiate                Conj/Alch      1%         3d12      100%        5
 Ignition                 Fire           1%         3d3       100%        8


Dungeon Overview and Level Annotations

Branches:
Dungeon (7/15)             Temple (1/1) D:5

Altars:
Cheibriados
Dithmenos
Elyvilon
Fedhas
Gozag
Hepliaklqana
Kikubaaqudgha
Makhleb
Nemelex Xobeh
Okawaru
Qazlal
Ru
Sif Muna
Trog
Uskayaw
Wu Jian
Xom
Yredelemnul
Zin

Shops:
D:4 (   D:6 *

Annotations:
D:4 3 runed translucent doors, Consumeair16's ghost, amateur GnCK
D:7 Jeremiah


Innate Abilities, Weirdness & Mutations

You are too large for most types of armour.
You have a pair of small horns on your head.
You have tough skin. (AC +1)
You gain doubled healing and magic from potions.
Whenever you drink a healing potion, you attack all around you.


Message History

You hear the hiss of a very distant avalanche of sand.
The butterfly disappears in a burst of colours!
Things that are here:
a +0 flail; a +0 leather armour; an orc corpse A wyvern comes into view.
The wyvern hisses angrily.
The howler monkey barely misses you. The howler monkey hits you.
* * * LOW HITPOINT WARNING * * *
You closely miss the howler monkey. Your headbutt misses the howler monkey.
The howler monkey closely misses you.
You hit the howler monkey.
The howler monkey is moderately wounded.
The wyvern bites you!
* * * LOW HITPOINT WARNING * * *
The howler monkey completely misses you.
The wyvern bites you but does no damage.
As you read the scroll of teleportation, it crumbles to dust.
You feel strangely unstable. The howler monkey hits you.
* * * LOW HITPOINT WARNING * * *
The wyvern barely misses you.
You take a swig of the potion and twirl your +0 quarterstaff.
You closely miss the wyvern. You sock the howler monkey!
You headbutt the howler monkey, but do no damage.
The howler monkey is severely wounded.
You savour every drop.
You feel better.
The butterfly disappears in a burst of colours!
The wyvern closely misses you. The howler monkey barely misses you.
The wyvern bites you!
* * * LOW HITPOINT WARNING * * *
You hit the howler monkey.
The howler monkey is almost dead.
The howler monkey hits you.
* * * LOW HITPOINT WARNING * * *
The wyvern bites you.
* * * LOW HITPOINT WARNING * * *
You thump the howler monkey!
You kill the howler monkey!
Cheibriados appreciates the change of pace.
The wyvern bites you!
You die...

>.....#...##...##
.>.........b....## ...#
.........b.b.....# ...#
...........F.....#....##
b.......b........#...(..
..)........b.b..##....#
.)....#....#.b.##....
.).......bF#####†k##.#
#.......##..b.).@...<#
#.##.#...bb...#####..$..
..##b....###### ###
####..#..# .........#
###..###..# ###..# .#
.....# # ####.## #


You could see Jeremiah and a wyvern.

Vanquished Creatures
  2 sky beasts (D:6)
  4 black bears
  2 ogres
  A centaur (D:7)
  A kobold brigand (D:6)
  6 scorpions
  3 howler monkeys
  2 bombardier beetles
  A hound (D:7)
  2 jellies
  4 sleepcaps
  4 iguanas
  4 orc wizards
  Robin (D:2)
  3 adders
  5 ribbon worms
  5 dart slugs
  15 orcs
  4 ball pythons (D:1)
  5 endoplasms
  2 giant cockroaches (D:4)
  13 goblins
  11 hobgoblins
  9 kobolds
  5 quokkas
  3 bats (D:2)
  3 frilled lizards (D:1)
  4 rats
124 creatures vanquished.

Notes
Turn   | Place    | Note
-------+----------+-------------------------------------------
     0 | D:1      | Derpghoster the Oni Gladiator began the quest for the Orb.
     0 | D:1      | Reached XP level 1. HP: 22/22 MP: 1/1
   202 | D:1      | Reached XP level 2. HP: 29/29 MP: 2/2
   257 | D:1      | Found a faded altar of an unknown god.
   537 | D:1      | Reached XP level 3. HP: 25/36 MP: 3/3
  1376 | D:2      | Noticed Robin
  1391 | D:2      | Reached XP level 4. HP: 27/45 MP: 4/4
  1397 | D:2      | Killed Robin
  2113 | D:3      | Found a blossoming altar of Fedhas.
  2185 | D:3      | Reached XP level 5. HP: 35/54 MP: 5/5
  2613 | D:4      | Reached skill level 1 in Spellcasting
  2613 | D:4      | Reached XP level 6. HP: 48/63 MP: 7/7
  2794 | D:4      | Reached skill level 5 in Staves
  3093 | D:4      | Found Pegef's Weapon Shoppe.
  3238 | D:4      | Found a sparkling altar of Nemelex Xobeh.
  3272 | D:4      | Found a runed translucent gate.
  3273 | D:4      | Found a runed translucent gate.
  3273 | D:4      | Identified the +3 ring mail "Ladicvav" {-Tele rF++ Int+3
                  | Dex+3}
  3274 | D:4      | Found a runed translucent gate.
  3274 | D:4      | Noticed Consumeair16's ghost (amateur GnCK)
  3371 | D:4      | Found an iron altar of Okawaru.
  4021 | D:5      | Entered Level 5 of the Dungeon
  4034 | D:5      | Reached skill level 5 in Fighting
  4239 | D:5      | Reached XP level 7. HP: 72/72 MP: 10/10
  4263 | D:5      | Reached skill level 1 in Stealth
  4497 | D:5      | Reached XP level 8. HP: 47/83 MP: 10/12
  4622 | D:5      | Found a bloodstained altar of Trog.
  4909 | D:5      | Found a staircase to the Ecumenical Temple.
  5076 | Temple   | Entered the Ecumenical Temple
  5076 | Temple   | Noticed a rust devil
  5076 | Temple   | Noticed a green death
  5077 | Temple   | Noticed Pomagigi the pandemonium lord
  5077 | Temple   | Noticed a Brimstone Fiend
  5077 | Temple   | Noticed Agearouf the pandemonium lord
  5078 | Temple   | Noticed Kighipen the pandemonium lord
  5078 | Temple   | Noticed a sun demon
  5078 | Temple   | Noticed a red devil
  5079 | Temple   | Noticed an Executioner
  5079 | Temple   | Noticed a tormentor
  5101 | Temple   | Noticed Emybar the pandemonium lord
  5129 | Temple   | Noticed a Brimstone Fiend
  5129 | Temple   | Noticed Bottudug the pandemonium lord
  5130 | Temple   | Noticed a Brimstone Fiend
  5133 | Temple   | Noticed an ice devil
  5180 | Temple   | Noticed Febloloz the pandemonium lord
  5180 | Temple   | Noticed a soul eater
  5181 | Temple   | Noticed a sixfirhy
  5181 | Temple   | Noticed a sixfirhy
  5255 | Temple   | Became a worshipper of Cheibriados the Contemplative
  5575 | D:6      | Found Jokaulou's Overcharged Wands.
  5637 | D:6      | Reached skill level 5 in Dodging
  6039 | D:6      | Identified the staff of Tuesmimp {*Corrode rC+ Int+2 Conj
                  | Ice}
  6070 | D:6      | Reached XP level 9. HP: 93/93 MP: 15/15
  6423 | D:7      | Reached * piety under Cheibriados
  6558 | D:7      | Noticed Jeremiah
  6609 | D:7      | HP: 1/81 [howler monkey (5)]
  6612 | D:7      | Mangled by a wyvern

Illustrated notes

Levels and vault maps discovered:
D:1:      ncdulo_wetmaze, layout_basic, ebering_ecumenical_altar_mist,
          minmay_misc_feat_encased, chequers_serial_rivers_micro_d,
          minmay_gold_behind_fungi, minmay_small_reverse_x
D:2:      layout_basic, uniq_robin
D:3:      layout_basic, fedhas_altar_3
D:4:      layout_loops_ring, mainiacjoe_overflow_alcove_4, okawaru_trees_2,
          serial_shops, kennysheep_little_box, biasface_ghost_orc_armoury,
          minmay_fractal_squares_diagonal_5
D:5:      layout_cave_pools, trog_ov_bears_minmay,
          minmay_temple_entry_butterflies
D:6:      layout_cave_pools, nicolae_shop_overcharged_wands
D:7:      layout_rooms, enter_ossuary_4, minmay_alternating_orb, uniq_jeremiah,
          uniq_joseph, uniq_maggie
Temple:   nicolae_temple_panitentiary

Skill      XL: |  1  2  3  4  5  6  7  8 |
---------------+-------------------------+-----
Dodging        | 3 4 5 |  5.7
Fighting       | 3 4 5 6 7 |  7.9
Staves         | 4 5 6 7 |  7.6
Spellcasting   | 1 2 4 |  4.3
Stealth        | 1 |  1.6
Throwing       | |  2.1

Action                     |  1- 3 |  4- 6 |  7- 9 || total
---------------------------+-------+-------+-------++-------
  Melee: Quarterstaff      |    99 |   144 |   189 ||   432
         Headbutt          |     9 |    25 |    44 ||    78
    Use: Scroll            |     5 |     6 |     5 ||    16
         Potion            |       |       |     5 ||     5
   Stab: Sleeping          |       |     3 |       ||     3
 Armour: Robe              |    63 |     6 |       ||    69
         Animal skin       |       |    66 |   177 ||   243
  Dodge: Dodged            |    53 |    59 |   127 ||   239
